 Dungeon Crawl Stone Soup version 0.31-a0-618-g7ca08c1ff9 (webtiles) character file.

Game seed: 17373049116174901095

284533 rjrrt the Executioner (level 19, -18/191 HPs)
             Began as a Minotaur Fighter on Aug 22, 2023.
             Was the Champion of Okawaru.
             Demolished by Vv (33 damage)
             ... on level 1 of the Crypt.
             The game lasted 01:36:23 (53596 turns).

rjrrt the Executioner (Minotaur Fighter)           Turns: 53596, Time: 01:36:24

Health: -18/191    AC: 48    Str: 27    XL:     19   Next: 78%
Magic:  3/9        EV: 11    Int:  5    God:    Okawaru [******]
Gold:   129        SH:  0    Dex:  5    Spells: 18/18 levels left

rFire   . . .        m - +7 battleaxe (antimagic)
rCold   . . .        (shield currently unavailable)
rNeg    + + +        s - +3 crystal plate armour
rPois   +            N - +2 hat {Will+}
rElec   +            w - +2 cloak {rPois}
rCorr   .            I - +3 Mad Mage's Maulers {Infuse+∞ VampMP -Cast}
SInv    .            f - +2 pair of boots
Will    +++..        d - amulet of faith Stlth
                     n - ring "Wenop" {Fly rElec rN+++ Str-2 Dex-5}
HPRegen 0.51/turn    G - ring of Cucorakh {Will+ Slay+4}
MPRegen 0.11/turn

%: no spellcasting, faith, infuse magic (3 MP)
@: heroic, finesse-ful, flying, hasted, studying Fighting, very quick
A: horns 2, retaliatory headbutt
}: 2/15 runes: decaying, serpentine
a: Renounce Religion, Heroism, Finesse, Duel


You were on level 1 of the Crypt.
You worshipped Okawaru.
Okawaru was exalted by your worship.
You visited 8 branches of the dungeon, and saw 35 of its levels.
You also visited: Ice Cave.

You collected 3225 gold pieces.
You spent 3096 gold pieces at shops.

Inventory:

Hand Weapons
 a - a +4 vampiric executioner's axe
 b - the +6 shillelagh "Devastator" {shatter}
   (You found it on level 9 of the Dungeon)
 m - a +7 antimagic battleaxe (weapon)
 K - a +2 trident of venom
Missiles
 o - 18 boomerangs (quivered)
 u - a throwing net
 x - 18 javelins
Armour
 f - a +2 pair of boots (worn)
 j - a +1 cloak of cold resistance
 s - a +3 crystal plate armour (worn)
 w - a +2 cloak of poison resistance (worn)
 I - the +3 Mad Mage's Maulers (worn) {Infuse+∞ VampMP -Cast}
   (Okawaru gifted it to you on level 1 of the Lair of Beasts)

   Infuse+∞: It empowers its wearer's blows with all of their magic.
   VampMP:    Blows struck in melee replenish the wearer's magic.
   -Cast:     It prevents spellcasting.
 N - a +2 hat of willpower (worn)
Jewellery
 d - an amulet of faith (around neck)
 e - a ring of protection from fire
 n - the ring "Wenop" (left hand) {Fly rElec rN+++ Str-2 Dex-5}
   (You bought it in a shop on level 2 of the Snake Pit)

   [ring of flight]

   Str-2:     It affects your strength (-2).
   Dex-5:     It affects your dexterity (-5).
   rElec:     It insulates you from electricity.
   rN+++:     It renders you almost immune to negative energy.
   Fly:       It grants you flight.
 G - the ring of Cucorakh (right hand) {Will+ Slay+4}
   (You bought it in a shop on level 4 of the Snake Pit)

   [ring of slaying]

   Slay+4:    It affects your accuracy & damage with ranged weapons and melee
   (+4).
   Will+:     It increases your willpower.
 Q - a ring of see invisible
Wands
 c - a wand of roots (36)
 y - a wand of polymorph (6)
 E - a wand of digging (20)
 H - a wand of flame (30)
Scrolls
 g - 7 scrolls of fear
 A - 2 scrolls of teleportation
 D - 3 scrolls of fog
 M - 8 scrolls of identify
 O - a scroll of silence
Potions
 h - a potion of ambrosia
 i - 2 potions of enlightenment
 k - 6 potions of resistance
 l - 3 potions of lignification
 p - 6 potions of curing
 q - 4 potions of attraction
 r - 5 potions of heal wounds
 v - 5 potions of might
 z - a potion of cancellation
 B - 2 potions of haste
 F - 2 potions of invisibility
 J - 4 potions of mutation
 L - a potion of magic


   Skills:
 - Level 22.0(27) Fighting
 - Level 22.0(27) Axes
 + Level 20.8(25.8) Armour
 + Level 17.4(22.4) Dodging
 - Level 3.6(8.6) Shields
 - Level 15.0 Invocations
 + Level 7.0 Evocations


You had 18 spell levels left.
You didn't know any spells.
Your spell library contained the following spells:

 Spells                   Type           Power      Damage    Failure   Level
 Apportation              Tloc           0%         N/A       98%         1
 Foxfire                  Conj/Fire      0%         2x1d4     98%         1
 Freeze                   Ice            0%         1d3       98%         1
 Kiss of Death            Conj/Necr      0%         2d5       98%         1
 Necrotise                Necr           0%         1d4       98%         1
 Sandblast                Erth           0%         2d4       98%         1
 Shock                    Conj/Air       0%         1d3       98%         1
 Slow                     Hex            0%         N/A       98%         1
 Blink                    Tloc           0%         N/A       99%         2
 Lesser Beckoning         Tloc           0%         N/A       99%         2
 Momentum Strike          Conj/Tloc      0%         3d8       99%         2
 Passwall                 Tmut/Erth      0%         N/A       99%         2
 Wereblood                Tmut           0%         N/A       99%         2
 Confusing Touch          Hex            0%         N/A       100%        3
 Frozen Ramparts          Ice            0%         1d1       100%        3
 Hailstorm                Conj/Ice       0%         3d3       100%        3
 Inner Flame              Hex/Fire       0%         N/A       100%        3
 Ozocubu's Armour         Ice            0%         N/A       100%        3
 Portal Projectile        Hex/Tloc       0%         N/A       100%        3
 Stone Arrow              Conj/Erth      0%         3d7       100%        3
 Swiftness                Air            0%         N/A       100%        3
 Vampiric Draining        Necr           0%         2d6       100%        3
 Airstrike                Air            0%         2d(0-16)  100%        4
 Dispel Undead            Necr           0%         3d6       100%        4
 Flame Wave               Conj/Fire      0%         2d4       100%        4
 Leda's Liquefaction      Hex/Erth       0%         N/A       100%        4
 Manifold Assault         Tloc           0%         N/A       100%        4
 Sticky Flame             Conj/Fire      0%         2d3       100%        4
 Alistair's Intoxication  Tmut/Pois      0%         N/A       100%        5
 Irradiate                Conj/Tmut      0%         3d11      100%        5
 Lee's Rapid Deconstruct  Erth           0%         3d4*      100%        5
 Dispersal                Tloc           0%         N/A       100%        6
 Plasma Beam              Fire/Air       0%         2x1d10    100%        6
 Starburst                Conj/Fire      0%         6d3       100%        6
 Ozocubu's Refrigeration  Ice            0%         4d7       100%        7
 Disjunction              Tloc           0%         N/A       100%        8
 Summon Small Mammal      Summ           Unusable   N/A       N/A         1
 Call Canine Familiar     Summ           Unusable   N/A       N/A         3
 Animate Armour           Summ/Erth      Unusable   N/A       N/A         4
 Summon Lightning Spire   Summ/Air       Unusable   N/A       N/A         4

Dungeon Overview and Level Annotations

Branches:
Dungeon (15/15)            Temple (1/1) D:6            Lair (5/5) D:8
  Swamp (4/4) Lair:3        Snake (4/4) Lair:2        Slime (0/5) Lair:4
    Orc (2/2) D:12            Elf (0/3) Orc:2        Vaults (2/5) D:14
  Crypt (2/3) Vaults:2     Depths (0/4) D:15          IceCv (visited)

Altars:
Ashenzari
Cheibriados
Dithmenos
Elyvilon
Fedhas
Gozag
Hepliaklqana
Kikubaaqudgha
Makhleb
Nemelex Xobeh
Okawaru
Qazlal
Ru
Sif Muna
Trog
Uskayaw
Vehumet
Wu Jian
Xom
Yredelemnul
Zin
The Shining One
Jiyva
Lugonu

Shops:
D:5 =   D:6 (   Orc:1 *   Orc:2 ?!==   Snake:2 =::   Snake:4 =

Portals:
Abyss: Lair:5

Annotations:
D:8 1 runed translucent door, arvidsem's ghost, novice DECj
Swamp:3 2 transporters, Lance11888's ghost, journeyman DrSu
Crypt:1 Vv


Innate Abilities, Weirdness & Mutations

You have a pair of horns on your head.
You reflexively headbutt those who attack you in melee.


Message History

Press: ? - help, v - describe, . - travel, g - get item
Items here: ))) = [.
A stone staircase leading up, spattered with blood.
You fly upwards.
There is a stone staircase leading down, spattered with blood here.
You start resting.
You feel like a meek peon again.
You start resting.
HP restored.
You feel magic leave you.
m - a +7 antimagic battleaxe (weapon)
You start waiting.
Done waiting.
Unknown command.
You gain the combat prowess of a mighty hero.
You can now deal lightning-fast blows.
You fly downwards.
Level annotation: Vv Vv hits you!! Vv freezes you!!!
Vv hits you but does no damage.
There is a stone staircase leading up, spattered with blood here.
Items here: ))) = [.
Unknown command.
Unknown command.
You closely miss Vv. Your headbutt misses Vv. Vv hits you! Vv freezes you!!!
* * * LOW HITPOINT WARNING * * *
Vv hits you but does no damage.
Unknown command.
Vv hits you.
* * * LOW HITPOINT WARNING * * *
Vv freezes you!!
* * * LOW HITPOINT WARNING * * *
Vv hits you but does no damage.
You fly upwards.
There is a stone staircase leading down, spattered with blood here.
Unknown command.
Okay, then.
You feel yourself speed up. Vv hits you.
* * * LOW HITPOINT WARNING * * *
Vv freezes you!!
You die...

#...# #.....#......# #...##.#
##.## #...#.#....### #......# #.#
#####.#.##.# #......# #.#
#.#.##.## #......## #.# #...#...#
#...##... ###.# #.......#
#...##... #...### #.......#
#.#...... #.....# #.#[9..##
#.#....## #.....# #)#)@..#
#.#....# ###...# #)#....#
#.#....# #.### #)#....# #.#....#
#.#########)#.##.######.#....#
#............................##
#####...##....#.##......#.####...
.................................
............................##...
####.######.###.............#####


You could see Vv.

Vanquished Creatures
  Mara (Swamp:4)
  Boris (Crypt:2)
  Bai Suzhen (Crypt:2)
  Vashnia (Snake:4)
  A bone dragon (Swamp:4)
  2 doom hounds (Crypt:2)
  Grunn (Crypt:2)
  A sphinx (Vaults:1)
  An ancient champion (Crypt:1)
  Kirke (Snake:4)
  8 nagarajas
  A fenstrider witch (Swamp:2)
  2 vault wardens
  A caustic shrike zombie (Crypt:1)
  7 slime creatures
  4 ghouls
  7 ironbound preservers
  3 curse skulls (Crypt:2)
  2 formless jellyfish (Vaults:2)
  2 war gargoyles (Vaults:2)
  A stone giant (D:15)
  2 ironbound thunderhulks (Vaults:1)
  3 eleionomae
  Nessos (D:13)
  A vampire knight (Crypt:2)
  A spark wasp (shapeshifter) (D:15)
  An acid blob zombie (Crypt:1)
  4 deep elf death magi
  2 eidola (Crypt:2)
  A yaktaur captain (Vaults:2)
  A shambling mangrove (Swamp:4)
  An ettin (Vaults:2)
  Josephine (D:10)
  The ghost of Sanktem7 the Cleaver, a journeyman MiFi of Okawaru (D:9)
  10 hydras
  A peacekeeper (Vaults:2)
  7 boulder beetles
  A vault guard (D:14)
  5 ogre magi
  A catoblepas (D:14)
  A ghost crab (Swamp:4)
  11 alligators
  8 anacondas
  2 death knights (Vaults:2)
  A spriggan skeleton (Crypt:1)
  6 centaur warriors
  A bennu zombie (Crypt:2)
  2 ironbound frosthearts (Vaults:2)
  18 death yaks
  19 two-headed ogres
  5 tengu warriors
  18 naga warriors
  A titan zombie (Crypt:2)
  19 naga sharpshooters
  3 thrashing horrors (Lair:5)
  4 shock serpents
  A vampire mage (Crypt:2)
  Urug (Orc:1)
  Sonja (Orc:2)
  Amaemon (Lair:2)
  A spectral bunyip (Swamp:4)
  3 salamander mystics
  12 skeletal warriors
  31 deep trolls
  A goliath frog (Swamp:4)
  A bunyip zombie (Crypt:2)
  4 spriggan druids
  8 sea snakes
  A shadow wraith (Vaults:2)
  A flayed ghost (Crypt:2)
  6 swamp dragons
  5 naga ritualists
  4 spectral hydras (Swamp:4)
  13 bog bodies
  4 wizards
  4 phantasmal warriors
  4 ironbound convokers
  3 necromancers
  An iron giant skeleton (Crypt:2)
  2 alligator zombies (Swamp:4)
  6 lindwurms (Vaults:1)
  A deep elf pyromancer (D:13)
  4 will-o-the-wisps
  18 ugly things
  15 salamanders
  An orc sorcerer (Orc:1)
  6 cyclopes
  9 mana vipers
  14 elephants (Lair:5)
  Maurice (D:8)
  4 manticores
  2 titan simulacra
  A frost giant skeleton (Vaults:2)
  An ice statue (IceCv)
  8 guardian serpents
  5 vault sentinels (Vaults:1)
  38 black mambas
  3 smoke demons (Lair:5)
  14 naga magi
  An orange demon (Lair:2)
  A centaur skeleton (Crypt:2)
  Maggie (D:8)
  An elephant slug zombie (Crypt:2)
  13 cane toads
  A torpor snail (Lair:5)
  Psyche (D:12)
  A death yak zombie (Crypt:1)
  A grey draconian zombie (Crypt:1)
  A kobold demonologist (D:12)
  3 tengu conjurers
  An unseen horror (D:10)
  An efreet (D:15)
  A freezing wraith (Crypt:1)
  5 yaktaurs (Vaults:1)
  3 rime drakes
  A mana viper zombie (Crypt:1)
  5 swamp worm zombies
  12 komodo dragons
  A black draconian zombie (Crypt:2)
  2 ice devils (Orc:2)
  3 hydra zombies (Swamp:4)
  5 trolls
  6 hornets
  A sea snake skeleton (Crypt:2)
  3 polar bears
  A hornet (shapeshifter) (D:15)
  5 tyrant leeches
  25 blink frogs
  3 spectral swamp dragons (Swamp:4)
  A raiju (Lair:5)
  9 dream sheep
  An ettin zombie (Crypt:1)
  A ynoxinul (Lair:5)
  A centaur simulacrum (Crypt:2)
  4 wyverns
  2 dire elephant simulacra (IceCv)
  23 spriggans
  A water elemental (D:12)
  2 shadows
  2 satyr skeletons
  A culicivora (shapeshifter) (Lair:5)
  4 vampires
  5 wraiths
  2 hogs (Snake:4)
  2 humans (Snake:4)
  2 chaos spawn (Lair:5)
  35 yaks
  5 vampire mosquitoes
  8 basilisks
  3 steam dragons
  2 death yak simulacra (IceCv)
  4 wargs
  Menkaure (D:5)
  2 harpy simulacra (Crypt:2)
  3 large abominations (Lair:5)
  36 nagas
  A naga zombie (Crypt:1)
  16 swamp worms
  16 water moccasins
  2 swamp drakes (Swamp:4)
  21 orc warriors
  2 ice beasts
  A meliai simulacrum (D:14)
  4 swamp dragon zombies (Swamp:4)
  8 small abominations (Lair:5)
  A black bear (Lair:2)
  26 ogres
  10 centaurs
  6 wolves (Lair:1)
  3 kobold brigands
  6 phantoms
  3 necrophages (Crypt:2)
  A two-headed ogre simulacrum (IceCv)
  3 scorpions
  13 bullfrogs
  A glowing shapeshifter simulacrum (Vaults:2)
  4 cane toad simulacra (IceCv)
  7 wights
  A queen bee zombie (Crypt:2)
  40 killer bees
  2 elephant simulacra (IceCv)
  3 howler monkeys
  10 electric eels
  5 hounds
  3 jellies
  22 orc priests
  Jessica (D:3)
  10 iguanas
  21 orc wizards
  2 sleepcaps
  A spectral swamp drake (Swamp:4)
  6 troll simulacra (IceCv)
  A polar bear simulacrum (IceCv)
  10 spriggan simulacra
  3 wolf simulacra (IceCv)
  A tengu zombie (Crypt:1)
  Robin (D:2)
  A howler monkey skeleton (Crypt:1)
  7 naga simulacra (IceCv)
  5 adders
  5 white imps
  8 ufetubi (IceCv)
  2 worms
  A dart slug (D:2)
  81 orcs
  6 bats
  10 endoplasms
  3 giant cockroaches
  16 goblins
  8 hobgoblins
  3 jackals (D:4)
  25 kobolds
  4 quokkas
  7 ball pythons
  2 frilled lizards (D:7)
  A kobold zombie (Crypt:2)
  5 rats
1246 creatures vanquished.

Vanquished Creatures (others)
  A naga sharpshooter (Snake:4)
  A swamp worm zombie (Swamp:4)
  3 bloated husks
  A swamp worm (Swamp:4)
  An orc (Orc:1)
  20 foxfires
27 creatures vanquished.

Grand Total: 1273 creatures vanquished

Notes
Turn   | Place    | Note
-------+----------+-------------------------------------------
     0 | D:1      | rjrrt the Minotaur Fighter began the quest for the Orb.
     0 | D:1      | Reached XP level 1. HP: 19/19 MP: 0/0
   224 | D:1      | Reached XP level 2. HP: 27/27 MP: 1/1
   458 | D:1      | Reached XP level 3. HP: 33/33 MP: 2/2
  1403 | D:2      | Noticed Robin
  1484 | D:2      | Killed Robin
  1485 | D:2      | Reached XP level 4. HP: 17/40 MP: 3/3
  2065 | D:3      | Found a glowing silver altar of Zin.
  2066 | D:3      | Noticed Jessica
  2069 | D:3      | Killed Jessica
  2210 | D:3      | Found a radiant altar of Vehumet.
  2600 | D:4      | Reached XP level 5. HP: 47/47 MP: 4/4
  2622 | D:4      | Found a sacrificial altar of Ru.
  2689 | D:4      | Reached skill level 5 in Axes
  2694 | D:4      | Found a white marble altar of Elyvilon.
  2818 | D:4      | Reached skill level 5 in Fighting
  2818 | D:4      | Reached skill level 5 in Armour
  3067 | D:4      | Reached XP level 6. HP: 53/56 MP: 5/5
  3177 | D:5      | Entered Level 5 of the Dungeon
  3202 | D:5      | Noticed an ice beast
  3209 | D:5      | Killed an ice beast
  3211 | D:5      | Noticed a water moccasin
  3216 | D:5      | Killed a water moccasin
  3299 | D:5      | Found Puntee's Jewellery Emporium.
  3354 | D:5      | Noticed Menkaure
  3372 | D:5      | Killed Menkaure
  3373 | D:5      | Reached XP level 7. HP: 33/62 MP: 6/6
  4547 | D:5      | Reached XP level 8. HP: 71/71 MP: 7/7
  4866 | D:6      | Found a staircase to the Ecumenical Temple.
  4894 | Temple   | Entered the Ecumenical Temple
  4934 | Temple   | Became a worshipper of Warmaster Okawaru
  5054 | D:6      | Found Pafygrep's Weapon Emporium.
  5190 | D:6      | Reached skill level 1 in Invocations
  5645 | D:6      | Reached * piety under Okawaru
  5802 | D:6      | Reached ** piety under Okawaru
  5803 | D:6      | Reached skill level 10 in Axes
  5803 | D:6      | Reached XP level 9. HP: 25/80 MP: 9/9
  5986 | D:7      | Identified the +2 leather armour of the Pit {rN+}
  6328 | D:7      | Reached skill level 1 in Evocations
  6358 | D:7      | Found an ancient bone altar of Kikubaaqudgha.
  6417 | D:7      | Noticed a komodo dragon
  6427 | D:7      | Killed a komodo dragon
  6623 | D:7      | Found a shimmering blue altar of Sif Muna.
  6829 | D:8      | Noticed Maggie
  6853 | D:8      | Killed Maggie
  6853 | D:8      | Reached *** piety under Okawaru
  7157 | D:8      | Found a basalt altar of Yredelemnul.
  7230 | D:8      | Noticed Maurice
  7233 | D:8      | Reached XP level 10. HP: 69/88 MP: 12/12
  7245 | D:8      | Killed Maurice
  7245 | D:8      | Reached **** piety under Okawaru
  7246 | D:8      | Reached skill level 5 in Invocations
  7634 | D:8      | Found a runed translucent door.
  7634 | D:8      | Found a shimmering altar of Xom.
  7634 | D:8      | Noticed arvidsem's ghost (novice DECj)
  7634 | D:8      | Noticed a +1 spear of chaos
  7651 | D:8      | Noticed a +0 dagger
  7652 | D:8      | Noticed a +0 dagger
  7652 | D:8      | Noticed a +0 spear
  7657 | D:8      | Noticed a +0 falchion
  7658 | D:8      | Noticed a +0 short sword
  7658 | D:8      | Noticed a +0 spear
  7658 | D:8      | Noticed a +0 short sword
  7658 | D:8      | Noticed a +0 falchion
  7769 | D:8      | Found a staircase to the Lair.
  8098 | D:8      | Found a hide-covered altar of Uskayaw.
  8172 | Lair:1   | Entered Level 1 of the Lair of Beasts
  8229 | Lair:1   | Found an ancient bone altar of Kikubaaqudgha.
  8315 | Lair:1   | Reached ***** piety under Okawaru
  8315 | Lair:1   | Received a gift from Okawaru
  8457 | Lair:1   | Noticed a death yak
  8457 | Lair:1   | Noticed a death yak
  8457 | Lair:1   | Noticed a death yak
  8457 | Lair:1   | Noticed a death yak
  8457 | Lair:1   | Noticed a death yak
  8457 | Lair:1   | Noticed a death yak
  8501 | Lair:1   | Killed a death yak
  8737 | D:9      | Found a runed translucent door.
  8737 | D:9      | Noticed Sanktem7's ghost (journeyman MiFi)
  8842 | D:9      | Found a blossoming altar of Fedhas.
  9031 | D:9      | Identified the +1 pair of boots of Love and Death {Will-
                  | Dex+5 Slay+3} (Okawaru gifted it to you on level 9 of the
                  | Dungeon)
  9031 | D:9      | Received a gift from Okawaru
  9452 | D:9      | Reached XP level 11. HP: 88/94 MP: 15/15
  9548 | D:9      | Killed Sanktem7's ghost
  9596 | D:9      | Found the +6 shillelagh "Devastator" {shatter}
  9812 | D:10     | Entered Level 10 of the Dungeon
  9822 | D:10     | Noticed Josephine
  9828 | D:10     | Killed Josephine
 10092 | D:10     | Noticed a tengu warrior
 10098 | D:10     | Killed a tengu warrior
 10102 | D:10     | Reached skill level 15 in Axes
 10214 | D:10     | Found a shadowy altar of Dithmenos.
 11051 | D:11     | Noticed a two-headed ogre
 11054 | D:11     | Killed a two-headed ogre
 11785 | Lair:1   | Killed a death yak
 11785 | Lair:1   | Received a gift from Okawaru
 11785 | Lair:1   | Found the +3 Mad Mage's Maulers {Infuse+∞ VampMP -Cast}
 11792 | Lair:1   | Killed a death yak
 11794 | Lair:1   | Killed a death yak
 11795 | Lair:1   | Killed a death yak
 11796 | Lair:1   | Reached XP level 12. HP: 38/106 MP: 17/17
 12080 | Lair:1   | Reached skill level 10 in Fighting
 12172 | Lair:1   | Reached skill level 10 in Armour
 12964 | Lair:1   | Noticed a boulder beetle
 12970 | Lair:1   | Killed a boulder beetle
 13091 | Lair:1   | Reached ****** piety under Okawaru
 13558 | Lair:1   | Killed a death yak
 13820 | Lair:2   | Noticed Amaemon
 13827 | Lair:2   | Killed Amaemon
 13827 | Lair:2   | Identified the +0 hat "Pud Uxt" {Harm rF+ rCorr Dex-4}
                  | (Okawaru gifted it to you on level 2 of the Lair of Beasts)
 13827 | Lair:2   | Received a gift from Okawaru
 14240 | Lair:2   | Noticed a four-headed hydra
 14248 | Lair:2   | Killed a four-headed hydra
 14952 | Lair:2   | Found a staircase to the Snake Pit.
 15367 | Lair:2   | Reached XP level 13. HP: 73/116 MP: 0/19
 15808 | Lair:3   | Identified the +0 pair of gloves of Daffodils {Str+3}
                  | (Okawaru gifted it to you on level 3 of the Lair of Beasts)
 15808 | Lair:3   | Received a gift from Okawaru
 16493 | Lair:3   | Reached skill level 10 in Invocations
 17567 | Lair:3   | Found a staircase to the Swamp.
 18047 | Lair:4   | Found a staircase to the Slime Pits.
 18047 | Lair:4   | Found a viscous altar of Jiyva.
 18567 | Lair:4   | Received a gift from Okawaru
 19359 | Lair:5   | Entered Level 5 of the Lair of Beasts
 19526 | Lair:5   | Reached XP level 14. HP: 123/127 MP: 3/20
 19789 | Lair:5   | Identified the +1 ring mail "Heicwiri" {Rampage Fly rElec}
                  | (Okawaru gifted it to you on level 5 of the Lair of Beasts)
 19789 | Lair:5   | Received a gift from Okawaru
 21246 | Lair:5   | Identified the +0 buckler "Xulecla" {Contam rC+ Regen+
                  | Str+4} (Okawaru gifted it to you on level 5 of the Lair of
                  | Beasts)
 21246 | Lair:5   | Received a gift from Okawaru
 21255 | Lair:5   | Found a corrupted altar of Lugonu.
 21255 | Lair:5   | Found a one-way gate to the infinite horrors of the Abyss.
 21274 | Lair:5   | Identified the +1 shortbow "Jamni" {freeze, rC+}
 22265 | D:12     | Noticed Psyche
 22272 | D:12     | Killed Psyche
 22928 | D:12     | Found a staircase to the Orcish Mines.
 23527 | Orc:1    | Entered Level 1 of the Orcish Mines
 23582 | Orc:2    | Entered Level 2 of the Orcish Mines
 23606 | Orc:2    | Found a staircase to the Elven Halls.
 23614 | Orc:2    | Found a frozen archway.
 23636 | IceCv    | Entered an ice cave
 25370 | Orc:1    | Noticed Urug
 25380 | Orc:1    | Killed Urug
 25381 | Orc:1    | Reached XP level 15. HP: 135/138 MP: 0/22
 25746 | Orc:1    | Found Xeip's General Store.
 26648 | Orc:2    | Noticed Sonja
 26658 | Orc:2    | Killed Sonja
 26824 | Orc:2    | Received a gift from Okawaru
 26950 | Orc:2    | Found Imieno Yng's Magic Scroll Emporium.
 26951 | Orc:2    | Found Lint's Jewellery Shop.
 26951 | Orc:2    | Found Poich's Jewellery Shoppe.
 26951 | Orc:2    | Found Punufoif's Distillery.
 26964 | Orc:2    | Bought a scroll of acquirement for 624 gold pieces
 26966 | Orc:2    | Acquired a +2 executioner's axe of electrocution
 26977 | Orc:2    | Bought a ring of poison resistance for 260 gold pieces
 27730 | D:13     | Reached skill level 1 in Dodging
 28140 | D:13     | Received a gift from Okawaru
 28412 | D:13     | Noticed Nessos
 28416 | D:13     | Killed Nessos
 28559 | D:13     | Reached skill level 15 in Fighting
 29298 | D:14     | Identified the +3 dagger "Hioq" {heavy, Int+3}
 29310 | D:14     | Reached skill level 15 in Armour
 29461 | D:14     | Found a gate to the Vaults.
 30285 | D:15     | Entered Level 15 of the Dungeon
 30522 | D:15     | Found a sacrificial altar of Ru.
 30984 | D:15     | Reached XP level 16. HP: 149/149 MP: 0/24
 31129 | D:15     | Received a gift from Okawaru
 31577 | D:15     | Found a staircase to the Depths.
 32237 | Swamp:1  | Entered Level 1 of the Swamp
 32253 | Swamp:1  | Reached skill level 5 in Dodging
 32258 | Swamp:1  | Identified the +0 pair of gloves of the Game of Life {rCorr
                  | Str-5 Dex+4} (Okawaru gifted it to you on level 1 of the
                  | Swamp)
 32258 | Swamp:1  | Received a gift from Okawaru
 33401 | Swamp:2  | Acquired a manual of Dodging
 33568 | Swamp:3  | Found a transporter.
 33572 | Swamp:3  | Noticed Lance11888's ghost (journeyman DrSu)
 33573 | Swamp:3  | Found a transporter.
 33614 | Swamp:4  | Entered Level 4 of the Swamp
 33795 | Swamp:4  | Noticed Mara
 33809 | Swamp:4  | Noticed rjrrt's illusion
 34077 | Swamp:4  | Noticed rjrrt's illusion
 34092 | Swamp:4  | Killed Mara
 34142 | Swamp:4  | Identified the +2 robe of the Sailor {Stlth+} (Okawaru
                  | gifted it to you on level 4 of the Swamp)
 34142 | Swamp:4  | Received a gift from Okawaru
 34691 | Swamp:4  | Reached XP level 17. HP: 73/160 MP: 3/26
 34700 | Swamp:4  | Noticed a bone dragon
 35474 | Swamp:4  | Killed a bone dragon
 35544 | Swamp:4  | Got a decaying rune of Zot
 35749 | Snake:1  | Entered Level 1 of the Snake Pit
 35962 | Snake:1  | Identified the +4 robe "Ycinkor" {Fly Dex+6 Stlth+}
                  | (Okawaru gifted it to you on level 1 of the Snake Pit)
 35962 | Snake:1  | Received a gift from Okawaru
 36341 | Snake:1  | Reached skill level 10 in Dodging
 37599 | Snake:2  | Found Modoegugg's Jewellery Emporium.
 37600 | Snake:2  | Found Mivveiwn's Book Boutique.
 37600 | Snake:2  | Found Hoxueleu's Book Boutique.
 37608 | Snake:2  | Bought the ring "Wenop" {Fly rElec rN+++ Str-2 Dex-5} for
                  | 491 gold pieces
 38804 | Snake:2  | Received a gift from Okawaru
 40141 | Snake:3  | Acquired a manual of Fighting
 40639 | Snake:3  | Identified the +1 leather armour of Satisfaction {-Cast
                  | rF++ rC+ rCorr}
 40928 | Snake:3  | Received a gift from Okawaru
 42206 | Snake:4  | Entered Level 4 of the Snake Pit
 42218 | Snake:4  | Noticed Kirke
 42230 | Snake:4  | Killed Kirke
 42264 | Snake:4  | Received a gift from Okawaru
 42471 | Snake:4  | Found Colua's Jewellery Emporium.
 42493 | Snake:4  | Reached XP level 18. HP: 162/173 MP: 1/28
 42678 | Snake:4  | Reached skill level 15 in Invocations
 43252 | Snake:4  | Got a serpentine rune of Zot
 43436 | Snake:4  | Received a gift from Okawaru
 43546 | Snake:4  | Noticed Vashnia
 43574 | Snake:4  | HP: 7/177 [naga sharpshooter/arrow[Vashnia] (15)]
 44252 | Snake:4  | Killed Vashnia
 44504 | Snake:4  | Reached skill level 15 in Dodging
 44523 | Snake:4  | Received a gift from Okawaru
 45083 | Vaults:1 | Entered Level 1 of the Vaults
 46397 | Vaults:1 | Received a gift from Okawaru
 46809 | Vaults:1 | Identified the +2 leather armour of Polytheism {rCorr
                  | Slay+3}
 46893 | Vaults:1 | Reached XP level 19. HP: 164/190 MP: 3/29
 49037 | Snake:4  | Bought the ring of Cucorakh {Will+ Slay+4} for 1721 gold
                  | pieces
 49774 | Vaults:2 | Found a staircase to the Crypt.
 49811 | Crypt:1  | Entered Level 1 of the Crypt
 49816 | Crypt:1  | Received a gift from Okawaru
 49983 | Crypt:1  | Reached skill level 5 in Evocations
 50002 | Crypt:1  | Identified the +2 battleaxe of Muon {flame, Dex+5} (Okawaru
                  | gifted it to you on level 1 of the Crypt)
 50002 | Crypt:1  | Received a gift from Okawaru
 50582 | Crypt:1  | Identified the +5 short sword of the Firefly {speed, Dex+3}
 51906 | Crypt:2  | Identified the +7 dire flail of Woroor {venom, Drain rN+
                  | Int+6 Dex+4} (Okawaru gifted it to you on level 2 of the
                  | Crypt)
 51906 | Crypt:2  | Received a gift from Okawaru
 51994 | Crypt:2  | Noticed Boris
 52001 | Crypt:2  | Killed Boris
 52335 | Crypt:2  | Noticed Vv
 52338 | Crypt:2  | Noticed Grunn
 52338 | Crypt:2  | Noticed a doom hound
 52339 | Crypt:2  | Noticed a doom hound
 52677 | Crypt:2  | Noticed Bai Suzhen
 52766 | Crypt:2  | Killed a doom hound
 52767 | Crypt:2  | Killed a doom hound
 52777 | Crypt:2  | Killed Bai Suzhen
 53369 | Crypt:2  | Killed Grunn
 53596 | Crypt:1  | Demolished by Vv

Illustrated notes

Levels and vault maps discovered:
D:1:      evilmike_arrival_plus, layout_loops_corners, minmay_vboxes
D:2:      layout_basic, uniq_robin
D:3:      layout_loops_ring, mainiacjoe_overflow_brackets,
          mainiacjoe_overflow_catwalk, uniq_jessica
D:4:      layout_rooms, mainiacjoe_overflow_six_doors_small, elyvilon_altar_4
D:5:      layout_loops_corners, serial_shops, shop_coins, minmay_checkerbox,
          uniq_menkaure
D:6:      layout_basic, minmay_temple_entry_statues_fountains, serial_shops,
          nicolae_shop_hallway_stairs
D:7:      layout_rooms, mainiacjoe_overflow_alcove_1, marbit_many_paths,
          st_stairs_1, roderic_st_hans_cross, minmay_lizard_king
D:8:      layout_basic, mainiacjoe_overflow_24_doors, nicolae_uskayaw_en_pointe,
          ebering_ghost_xom, uniq_maggie, uniq_maurice
D:9:      layout_long_grid, fedhas_ov_isle_minmay,
          hellmonk_ghost_happy_afterlife, minmay_misc_feat_iff
D:10:     layout_cave_pods, grunt_dithmenos_shadows, uniq_josephine
D:11:     layout_irregular_city, uniq_erica
D:12:     layout_cave_pools, david_orc_3, kennysheep_boxes, uniq_psyche
D:13:     layout_roguey, uniq_nessos
D:14:     layout_roguey, david_vaults_5
D:15:     hangedman_depths_entry_civil_slaughter, layout_irregular_city,
          nicolae_ru_path_of_blood, serial_rivers,
          chequers_serial_rivers_micro_b, chequers_serial_rivers_small_3,
          chequers_serial_rivers_small_a, chequers_serial_rivers_small_3
Temple:   minmay_temple_bridge_abc
Lair:1:   layout_regular_city, basic_altar, infiniplex_staircase_pool,
          serial_bayou_shore_b, grunt_megastairs_3
Lair:2:   wad_woods_minihive, layout_misc_corridors,
          guppyfry_snake_entry_garden, uniq_amaemon
Lair:3:   layout_cave_pods, nicolae_swamp_entry_splash_gauntlet
Lair:4:   layout_cave_pods, minmay_slime_entry_oklob_open
Lair:5:   hellmonk_lair_end_abyssal_woods, layout_regular_city
Swamp:1:  layout_basic_swamp, evilmike_swamp_ruin_house_1, swamp_pool1
Swamp:2:  layout_falls_marsh, evilmike_swamp_ruin_house_5
Swamp:3:  layout_falls_marsh, gammafunk_ghost_mausoleum,
          nicolae_swamp_bean_lake, nicolae_swamp_bloodsuckers_inc
Swamp:4:  swamp_pestilence, layout_basic_swamp, uniq_mara
Snake:1:  layout_onion, serial_bayou_shore_a
Snake:2:  layout_chambers, hangedman_venom_bottle, minmay_shop_grove,
          lemuel_fruit_tree, serial_bayou_shore_b, nicolae_integral_box
Snake:3:  layout_chambers, grunt_megastairs_1
Snake:4:  grunt_snake_rune_pools, layout_gridlike, st_stairs_9,
          minmay_shop_enchanted_jewellery, serial_bayou_shore_b, uniq_kirke,
          uniq_vashnia
Orc:1:    layout_diamond_mine, serial_shops, shop, uniq_urug
Orc:2:    st_orc_ogre_mass, layout_diamond_mine, portal_ice_cave_demonic_guard,
          uniq_sonja
Vaults:1: v_rooms_4, hangedman_vaults_hat, hangedman_vaults_nails,
          nicolae_vaults_storage_closets_3, nicolae_vaults_big_ls, v_misc_15,
          vaults_room_stairs_pillars, nicolae_vaults_tetromino_L_1,
          nicolae_vaults_windows_and_doors_thing, nicolae_vaults_angled_halls,
          nicolae_vaults_trapezoid_lopsided_1, layout_vaults_omnicross
Vaults:2: blue_anna_dwarven_crypt, nicolae_vaults_trapezoid_4, v_misc_27,
          nicolae_vaults_tangram_2, nicolae_vaults_trapezoid_lopsided_3,
          hangedman_vaults_pinch, nicolae_vaults_house_1, v_rooms_5,
          ontoclasm_vaults_ring_square, nicolae_vaults_storage_closets_1,
          nicolae_vaults_tetromino_T_1, v_misc_19, layout_vaults_ring,
          serial_shops, nicolae_shop_overgrown_old_shop
Crypt:1:  layout_misc_corridors
Crypt:2:  layout_rooms, nicolae_crypt_ancient_font, uniq_grunn, uniq_bai_suzhen,
          uniq_vv, uniq_boris

Skill      XL: |  1  2  3  4  5  6  7  8  9 10 11 12 13 14 15 16 17 18 19 |
---------------+----------------------------------------------------------+-----
Axes           | 3 4 5 7 8 10 12 14 16 17 19 20 22 | 22.0
Fighting       | 4 5 6 7 8 9 11 12 14 15 16 18 21 22 | 22.0
Armour         | 4 5 6 7 8 9 11 12 14 15 16 18 19 20 | 20.8
Invocations    | 2 4 6 8 9 10 11 12 13 14 15 | 15.0
Evocations     | 3 4 7 |  7.0
Dodging        | 3 9 12 16 17 | 17.4
Shields        | |  3.6

Action                     |  1- 3 |  4- 6 |  7- 9 | 10-12 | 13-15 | 16-18 | 19-21 || total
---------------------------+-------+-------+-------+-------+-------+-------+-------++-------
  Melee: War axe           |    97 |    89 |   117 |       |       |       |       ||   303
         Headbutt          |     7 |    11 |    48 |    53 |   104 |   218 |    73 ||   514
         Battleaxe         |       |       |   128 |   313 |       |       |   118 ||   559
         Shillelagh        |       |       |       |    56 |   569 |    87 |    87 ||   799
         Punch             |       |       |       |     1 |    10 |     1 |     2 ||    14
         Executioner's axe |       |       |       |       |    94 |   898 |    67 ||  1059
         Unarmed           |       |       |       |       |       |     2 |       ||     2
  Throw: Boomerang         |       |       |     8 |     1 |       |       |       ||     9
 Invoke: Heroism           |       |       |     2 |     6 |     9 |     5 |     7 ||    29
         Finesse           |       |       |       |       |       |       |     1 ||     1
  Evoke: Wand              |       |       |       |     1 |    16 |    20 |       ||    37
    Use: Scroll            |     4 |     4 |     3 |     7 |    12 |    11 |     2 ||    43
         Potion            |       |     2 |     1 |     1 |       |     3 |     3 ||    10
   Stab: Distracted        |       |       |       |     2 |       |       |       ||     2
 Armour: Scale mail        |    37 |    31 |    18 |       |       |       |       ||    86
         Chain mail        |       |       |    61 |   118 |    48 |       |       ||   227
         Plate armour      |       |       |    63 |   163 |       |       |       ||   226
         Crystal plate arm |       |       |       |       |   366 |  1036 |   223 ||  1625
  Dodge: Dodged            |    36 |    43 |    87 |   145 |   140 |   441 |    98 ||   990
  Block: Buckler           |    22 |    23 |    18 |       |       |       |       ||    63

Table legend: (Time is in decaauts)
 A = Elapsed time spent in this place.
 B = Non-inter-level travel time spent in this place.
 C = Inter-level travel time spent in this place.
 D = Time resting spent in this place.
 E = Time spent auto-exploring this place.
 F = Levels seen in this place.
 G = Mean time per level.
                   A        B        C        D        E       F      G
               +--------+--------+--------+--------+--------+-----+--------+
         Total |  53301 |  50431 |   2870 |   7465 |  32741 |  36 | 1480.6 |
       Dungeon |  18844 |  17306 |   1538 |   2074 |  11742 |  15 | 1256.3 |
        Temple |     62 |     41 |     21 |      0 |     13 |   1 |   62.0 |
          Lair |  10442 |   9906 |    536 |    916 |   7017 |   5 | 2088.4 |
         Swamp |   3257 |   3137 |    120 |    934 |   1178 |   4 |  814.2 |
     Snake Pit |   9178 |   8793 |    385 |    901 |   6351 |   4 | 2294.5 |
  Orcish Mines |   2112 |   2026 |     86 |    110 |   1182 |   2 | 1056.0 |
        Vaults |   4009 |   3841 |    168 |      0 |   3400 |   2 | 2004.5 |
         Crypt |   3723 |   3708 |     15 |   1767 |   1555 |   2 | 1861.5 |
      Ice Cave |   1670 |   1670 |      0 |    761 |    302 |   1 | 1670.0 |
               +--------+--------+--------+--------+--------+-----+--------+

Top non-repeatable levels by time:
 Crypt:1: 2687 daAuts
Vaults:1: 2643 daAuts
 Snake:2: 2636 daAuts
 Snake:4: 2584 daAuts
  Lair:3: 2529 daAuts
 Snake:3: 2479 daAuts
  Lair:1: 2263 daAuts
  Lair:5: 2189 daAuts
     D:8: 2043 daAuts
  Lair:2: 1952 daAuts
    D:12: 1790 daAuts
    D:15: 1713 daAuts
   IceCv: 1670 daAuts
 Swamp:4: 1640 daAuts
     D:5: 1616 daAuts
